Map: Orbital Shipyard

Players

LilDicky - Winner!

  • Race: Protoss Protoss
  • League: Diamond

Ogre

  • Race: Protoss Protoss
  • League: Platinum

VOD

http://www.twitch.tv/tumescentpie

Description

Time

  • Played on: Jan. 4, 2016, 2:32 a.m.
  • Length: 6:44
Show
View Real Time Build Order
Export as new Build Order

LilDicky Protoss - Winner!

Build Orders: Cannon Rush 

Get SALT Encoding   

  12  0:01  Probe (Chrono Boost)  
  13  0:12  Probe (Chrono Boost)  
  14  0:21  Pylon  
  14  0:25  Probe (Chrono Boost)  
  15  0:40  Probe (Chrono Boost)  
  15  0:41  Forge  
  16  0:50  Probe (Chrono Boost)  
  17  1:01  Probe (Chrono Boost)  
  19  1:11  Probe (Chrono Boost)  
  19  1:15  Pylon  
  19  1:17  Pylon  
  19  1:18  Pylon  
  19  1:22  Probe (Chrono Boost)  
  19  1:24  Pylon  
  20  1:32  Probe (Chrono Boost)  
  21  1:38  Photon Cannon  
  21  1:46  Photon Cannon  
  21  1:56  Photon Cannon  
  21  2:10  Gateway  
  21  2:19  Probe (Chrono Boost)  
  21  2:24  Photon Cannon  
  20  2:34  Probe (Chrono Boost)  
  21  2:44  Probe (Chrono Boost)  
  22  2:55  Probe (Chrono Boost)  
  22  2:56  Assimilator  
  23  2:59  Cybernetics Core  
  23  3:03  Pylon  
  24  3:05  Probe (Chrono Boost)  
  26  3:16  Probe (Chrono Boost)  
  26  3:17  Zealot (Chrono Boost)  
  27  3:28  Probe  
  28  3:40  Probe  
  29  4:08  Photon Cannon  
  29  4:10  Photon Cannon  
  29  4:31  Nexus  
  29  4:40  Assimilator  
  29  4:44  Gateway  
  29  4:46  Gateway  
  29  4:48  Gateway  
  29  4:51  Pylon  
  29  5:04  Photon Cannon  
  29  5:12  Photon Cannon  
  29  5:54  Stalker  
  29  5:55  Stalker x2  
  35  6:22  Probe  
  38  6:25  Assimilator  
  38  6:29  Assimilator  
Show
View Real Time Build Order
Export as new Build Order

Ogre Protoss 

Build Orders:  

Get SALT Encoding   

  12  0:01  Probe (Chrono Boost)  
  13  0:11  Probe (Chrono Boost)  
  14  0:17  Pylon  
  14  0:22  Probe (Chrono Boost)  
  15  0:35  Probe (Chrono Boost)  
  16  0:36  Gateway  
  16  0:44  Assimilator  
  16  0:46  Probe (Chrono Boost)  
  17  0:56  Probe (Chrono Boost)  
  18  1:06  Gateway  
  18  1:07  Probe (Chrono Boost)  
  19  1:17  Probe (Chrono Boost)  
  20  1:54  Zealot  
  20  2:43  Nexus  
  20  2:57  Pylon  
  20  4:06  Probe (Chrono Boost)  
  20  4:09  Gateway  
  19  4:27  Gateway  
Tags
 
Add a new tag
Caveats
  • Supply blocks, unpowered buildings, or Contaminate may cause inaccurate times.
  • Supply counts are checked every 10 seconds.